 Dungeon Crawl Stone Soup version 0.22-a0-412-g2b68d14 (webtiles) character file.

39 Borgoz the Skirmisher (level 3, -2/23 HPs)
             Began as a Gargoyle Abyssal Knight on May 12, 2018.
             Was a Follower of Lugonu.
             Slain by a gnoll
             ... wielding a +0 flail
              (8 damage)
             ... on level 2 of the Dungeon.
             The game lasted 00:01:52 (1236 turns).

Borgoz the Skirmisher (Gargoyle Abyssal Knight)     Turns: 1236, Time: 00:01:53

Health: -2/23      AC:  6    Str: 15    XL:     3   Next: 47%
Magic:  4/4        EV: 11    Int: 12    God:    Lugonu [*.....]
Gold:   43         SH:  0    Dex: 10    Spells: 2/2 levels left

rFire    . . .     SeeInvis .   a - +1 hand axe
rCold    . . .     Gourm    .   (no shield)
rNeg     + . .     Faith    .   b - +0 leather armour
rPois    ∞         Spirit   .   (no helmet)
rElec    +         Reflect  .   (no cloak)
rCorr    .         Harm     .   (no gloves)
MR       .....                  (no boots)
Stlth    +.........             (no amulet)
HPRegen  0.07/turn              (no ring)
MPRegen  0.09/turn              (no ring)

@: no status effects
A: negative energy resistance 1, electricity resistance, unbreathing,
petrification resistance, rot immunity, AC +3
a: Depart the Abyss, Renounce Religion


You were on level 2 of the Dungeon.
You worshipped Lugonu.
Lugonu was aware of your devotion.
You were not hungry.

You visited 1 branch of the dungeon, and saw 2 of its levels.
You visited the Abyss 1 time.

You collected 43 gold pieces.

Inventory:

Hand Weapons
 a - a +1 hand axe (weapon)
Armour
 b - a +0 leather armour (worn)
Jewellery
 l - an uncursed amulet of magic regeneration
 o - an uncursed ring of poison resistance {unknown}
Scrolls
 d - 5 scrolls of fog {unknown}
 e - 2 scrolls of magic mapping {unknown}
 g - a scroll of remove curse {unknown}
 p - 2 scrolls of teleportation {unknown}
Potions
 f - a potion of haste {unknown}
 h - a potion of magic {unknown}
 i - a potion of curing {unknown}
 j - a potion of resistance {unknown}
 m - a potion of agility {unknown}
 n - a potion of flight {unknown}
Comestibles
 c - 5 rations
 k - 2 chunks of flesh


   Skills:
 + Level 3.6 Fighting
 * Level 2.4 Axes
 + Level 2.5 Armour
 + Level 1.2 Dodging
 + Level 2.4 Invocations


You had 2 spell levels left.
You didn't know any spells.
Your spell library was empty.

Dungeon Overview and Level Annotations

Branches:
Dungeon (2/15)

Altars:
Trog


Innate Abilities, Weirdness & Mutations

You are resistant to torment.
Your stone body is resilient. (AC +3)
You are immune to poison.
You resist negative energy. (rN+)
You are resistant to electric shocks. (rElec)
You can survive without breathing.
You are immune to petrification.
You are immune to rotting.


Message History

You closely miss the gnoll.
The gnoll is severely wounded.
You closely miss the gnoll. You closely miss the adder.
The adder bites you but does no damage. The gnoll barely misses you.
The gnoll hits you with a flail.
You are too injured to fight recklessly!
You are too injured to fight recklessly!
Unknown command.
You hit the gnoll.
The gnoll is moderately wounded.
You barely miss the gnoll. You hit the adder. The adder barely misses you.
The gnoll hits you with a whip. The adder barely misses you.
The gnoll closely misses you.
You barely miss the gnoll.
The gnoll is moderately wounded.
You closely miss the gnoll. You miss the adder.
The adder bites you but does no damage. The gnoll hits you with a whip.
* * * LOW HITPOINT WARNING * * *
The gnoll hits you with a flail!
You die...

##...##.# ....# #.#
##### #.# #######.# #
##....#.# .#
#...#.#.###########.#
......#..†.......>..#.##
......#.########.g......
..........###...@g..#
...........).....S......
..............#..#$####.
#...#.....##.....#.#
##.##..............#
###########.....#.#
##.#..#.# #.#..# # .#.>#


You could see 2 gnolls and an adder.

Vanquished Creatures
  A gnoll (D:2)
  A worm (D:2)
  A bat (D:2)
  2 giant cockroaches (D:1)
  3 goblins
  4 hobgoblins
  4 jackals (D:2)
  2 kobolds
  A ball python (D:2)
  3 frilled lizards (D:1)
  2 rats (D:1)
24 creatures vanquished.

Notes
Turn   | Place    | Note
-------+----------+-------------------------------------------
     0 | Abyss:1  | Borgoz the Gargoyle Abyssal Knight began the quest for the Orb.
     0 | Abyss:1  | Reached XP level 1. HP: 14/14 MP: 2/2
   254 | Abyss:1  | Noticed a demonic crawler
   265 | D:1      | Escaped the Abyss
   341 | D:1      | Reached * piety under Lugonu
   537 | D:1      | Reached skill level 1 in Dodging
   537 | D:1      | Reached XP level 2. HP: 19/19 MP: 3/3
   996 | D:2      | Found a bloodstained altar of Trog.
  1196 | D:2      | Reached XP level 3. HP: 21/23 MP: 4/4
  1236 | D:2      | Slain by a gnoll

Vault maps used:
D:1:      minmay_arrival_four_loops
D:2:      grunt_temple_overflow_gold_and_silver, lemuel_round_altar,
          marbit_many_paths

Skill      XL: |  1 |
---------------+----+-----
Axes           | 2 |  2.4
Dodging        | 1 |  1.2
Fighting       | |  3.6
Armour         | |  2.5
Invocations    | |  2.4

Action                   || total
-------------------------++-------
Melee: Hand axe          ||    86
Invok: Depart the Abyss  ||     1
  Eat: Chunk             ||     1
Armor: Leather armour    ||    41
Dodge: Dodged            ||    50

Table legend:
 A = Spawn XP
 B = Non-spawn XP
 C = Spawn XP percentage of total XP
 D = Spawn monster count
 E = Non-spawn monster count
 F = Spawn count percentage of total count
 G = Total turns spent on level
                    A         B        C        D         E        F      G
               +---------+---------+-------+---------+---------+-------+---------
         Total |       0 |      57 |   0.0 |       0 |      24 |   0.0 |  1236
               +---------+---------+-------+---------+---------+-------+---------
           D:1 |       0 |      19 |   0.0 |       0 |      12 |   0.0 |   583
           D:2 |       0 |      38 |   0.0 |       0 |      12 |   0.0 |   388
               +---------+---------+-------+---------+---------+-------+---------
